[ AOE2 MATCH · #494616189 ]
UnrankedByzantines vs Hindustanis
[ REPLAY ANALYSIS · EXTRACTED FROM THE RECORDED GAME ]
Feudal
9:16
Castle
24:37
Imperial
34:33
| APM avg | 64.9 |
| APM peak | 104 |
| eAPM avg | 39.2 |
| Villagers / military | 172 / 228 |
Focus
⚔️ 58.2% · 🌾 41.8%
Cataphract ×188 · Skirmisher ×19 · Spearman ×10 · Monk ×3 · Battering Ram ×3 · Bombard Cannon ×3
Feudal
8:33
Castle
25:17
Imperial
35:30
| APM avg | 47.7 |
| APM peak | 93 |
| eAPM avg | 27.4 |
| Villagers / military | 139 / 147 |
Focus
⚔️ 43.4% · 🌾 56.6%
Hand Cannoneer ×60 · Scout Cavalry ×42 · Skirmisher ×22 · Monk ×11 · Trebuchet (Packed) ×9 · Bombard Cannon ×2
Match map
Initial resources + every placement click. Lines = walls · curves = elevation contours. ◆ gold · ⬟ stone · ● berries · ✦ relic · ◌ wall gap
Your base· Open — 3t gap
DaddySt4rk's base· Open — 4t gap
Smoothed initial terrain · ◌ = detected wall gap · hover for details
Inputs per minute
— Tacacá - - DaddySt4rk
Build order — Tacacá
First 150 of 646 actions detected
| 0:00 | Queue | Villager (Male) ×4 |
| 0:02 | Build | House |
| 0:03 | Build | House |
| 1:35 | Queue | Villager (Male) |
| 1:51 | Queue | Villager (Male) |
| 2:21 | Build | Lumber Camp |
| 2:21 | Queue | Villager (Male) |
| 2:38 | Queue | Villager (Male) |
| 3:06 | Queue | Villager (Male) |
| 3:11 | Build | House |
| 3:23 | Build | House |
| 3:27 | Queue | Villager (Male) |
| 3:57 | Build | House |
| 4:02 | Queue | Villager (Male) |
| 4:31 | Build | Mill |
| 4:34 | Queue | Villager (Male) |
| 4:35 | Queue | Villager (Male) |
| 5:14 | Queue | Villager (Male) |
| 5:24 | Queue | Villager (Male) |
| 6:13 | Queue | Villager (Male) |
| 6:13 | Research | Loom |
| 6:48 | Build | House |
| 6:57 | Research | Feudal Age |
| 7:14 | Build | Lumber Camp |
| 8:13 | Build | House |
| 8:29 | Queue | Villager (Male) |
| 8:29 | Queue | Villager (Male) |
| 8:36 | Build | Barracks |
| 9:16 | Age | Feudal Age |
| 9:17 | Build | Archery Range |
| 9:18 | Queue | Spearman |
| 9:18 | Queue | Spearman |
| 9:34 | Research | Double-Bit Axe |
| 9:51 | Queue | Skirmisher |
| 9:54 | Build | House |
| 9:55 | Queue | Villager (Male) |
| 9:58 | Build | Palisade Wall |
| 10:00 | Build | Palisade Wall |
| 10:03 | Build | Palisade Wall |
| 10:07 | Build | Palisade Wall |
| 10:10 | Queue | Villager (Male) |
| 10:11 | Queue | Skirmisher |
| 10:20 | Build | Watch Tower |
| 10:25 | Queue | Spearman |
| 10:26 | Queue | Skirmisher |
| 10:37 | Queue | Villager (Male) |
| 10:38 | Build | Palisade Wall |
| 10:39 | Build | Palisade Wall |
| 10:41 | Build | Palisade Wall |
| 10:42 | Build | Palisade Wall |
| 10:59 | Queue | Skirmisher |
| 10:59 | Queue | Skirmisher |
| 10:59 | Build | Farm |
| 11:00 | Build | Farm |
| 11:22 | Build | Farm |
| 11:25 | Build | Farm |
| 11:27 | Build | Farm |
| 11:37 | Queue | Villager (Male) |
| 11:39 | Build | Farm |
| 11:43 | Build | House |
| 11:55 | Queue | Skirmisher |
| 12:06 | Build | Farm |
| 12:07 | Queue | Villager (Male) |
| 12:22 | Build | Watch Tower |
| 12:28 | Queue | Villager (Male) |
| 12:35 | Build | Mining Camp |
| 12:44 | Queue | Villager (Male) |
| 12:47 | Build | Palisade Wall |
| 12:47 | Build | Palisade Wall |
| 12:50 | Queue | Skirmisher |
| 12:51 | Queue | Spearman |
| 13:08 | Build | Palisade Wall |
| 13:11 | Build | Palisade Wall |
| 13:12 | Build | Palisade Wall |
| 13:16 | Build | Palisade Wall |
| 13:18 | Queue | Villager (Male) |
| 13:21 | Build | Farm |
| 13:21 | Queue | Skirmisher |
| 13:26 | Build | House |
| 13:47 | Queue | Skirmisher |
| 13:48 | Queue | Spearman |
| 13:57 | Build | Farm |
| 13:57 | Queue | Villager (Male) |
| 14:07 | Queue | Skirmisher |
| 14:19 | Build | House |
| 14:20 | Queue | Villager (Male) |
| 14:22 | Build | House |
| 14:38 | Build | Palisade Gate |
| 14:53 | Queue | Villager (Male) |
| 14:54 | Build | House |
| 15:02 | Queue | Skirmisher |
| 15:13 | Build | House |
| 15:14 | Build | House |
| 15:25 | Queue | Skirmisher |
| 15:27 | Queue | Spearman |
| 15:32 | Queue | Villager (Male) |
| 15:37 | Build | Blacksmith |
| 15:41 | Queue | Skirmisher |
| 15:54 | Queue | Villager (Male) |
| 15:56 | Build | Farm |
| 16:02 | Build | House |
| 16:08 | Queue | Skirmisher |
| 16:17 | Build | Watch Tower |
| 16:28 | Build | Palisade Wall |
| 16:28 | Build | Palisade Wall |
| 16:30 | Build | Palisade Wall |
| 16:31 | Build | Palisade Wall |
| 16:37 | Research | Fletching |
| 16:38 | Queue | Villager (Male) |
| 16:38 | Queue | Villager (Male) |
| 16:38 | Queue | Villager (Male) |
| 16:39 | Queue | Villager (Male) |
| 16:39 | Queue | Villager (Male) |
| 16:56 | Queue | Villager (Male) |
| 17:08 | Build | Farm |
| 17:09 | Build | Farm |
| 17:10 | Build | Farm |
| 17:12 | Build | House |
| 17:23 | Queue | Skirmisher |
| 17:23 | Queue | Skirmisher |
| 17:23 | Queue | Skirmisher |
| 17:33 | Build | Mining Camp |
| 17:40 | Queue | Spearman |
| 17:55 | Build | House |
| 17:58 | Build | Farm |
| 18:07 | Queue | Spearman |
| 18:07 | Queue | Spearman |
| 18:32 | Queue | Skirmisher |
| 18:32 | Queue | Skirmisher |
| 18:39 | Queue | Villager (Male) |
| 18:39 | Queue | Villager (Male) |
| 19:07 | Research | Horse Collar |
| 19:27 | Build | Market |
| 19:39 | Build | Farm |
| 19:52 | Queue | Villager (Male) |
| 19:57 | Build | Farm |
| 20:11 | Build | Farm |
| 20:12 | Build | Farm |
| 20:23 | Queue | Villager (Male) |
| 20:25 | Build | Farm |
| 20:43 | Queue | Villager (Male) |
| 20:45 | Build | Farm |
| 20:46 | Build | Farm |
| 20:53 | Queue | Spearman |
| 20:56 | Build | Farm |
| 21:17 | Build | Palisade Wall |
| 21:19 | Queue | Villager (Male) |
| 21:29 | Build | House |
| 21:30 | Build | House |
| 21:31 | Build | Palisade Wall |
Build order — DaddySt4rk
First 150 of 541 actions detected
| 0:02 | Queue | Villager (Male) ×4 |
| 0:03 | Build | House |
| 0:04 | Build | House |
| 1:14 | Queue | Villager (Male) |
| 1:44 | Queue | Villager (Male) |
| 1:49 | Build | Lumber Camp |
| 2:12 | Queue | Villager (Male) |
| 2:40 | Queue | Villager (Male) |
| 3:04 | Queue | Villager (Male) |
| 3:27 | Build | House |
| 3:28 | Build | House |
| 3:31 | Queue | Villager (Male) |
| 3:55 | Queue | Villager (Male) |
| 4:14 | Build | Palisade Wall |
| 4:16 | Build | Palisade Wall |
| 4:22 | Queue | Villager (Male) |
| 4:26 | Queue | Villager (Male) |
| 5:05 | Build | Mill |
| 5:27 | Queue | Villager (Male) |
| 5:53 | Research | Loom |
| 6:23 | Research | Feudal Age |
| 7:33 | Build | Barracks |
| 7:41 | Queue | Villager (Male) |
| 8:33 | Age | Feudal Age |
| 8:37 | Build | Stable |
| 8:41 | Research | Double-Bit Axe |
| 8:43 | Queue | Villager (Male) |
| 8:58 | Build | House |
| 9:12 | Build | Mill |
| 9:18 | Queue | Villager (Male) |
| 9:22 | Queue | Scout Cavalry |
| 9:22 | Queue | Scout Cavalry |
| 9:29 | Queue | Villager (Male) |
| 9:38 | Build | House |
| 10:13 | Queue | Villager (Male) |
| 10:17 | Build | Palisade Wall |
| 10:19 | Build | Palisade Wall |
| 10:26 | Build | Palisade Wall |
| 10:30 | Queue | Villager (Male) |
| 10:31 | Build | Archery Range |
| 10:39 | Build | Watch Tower |
| 10:42 | Queue | Spearman |
| 10:50 | Build | House |
| 10:51 | Queue | Villager (Male) |
| 11:21 | Build | Palisade Wall |
| 11:24 | Build | Palisade Wall |
| 11:25 | Build | Palisade Wall |
| 11:28 | Build | Palisade Wall |
| 11:31 | Queue | Villager (Male) |
| 11:34 | Build | Farm |
| 11:35 | Build | Farm |
| 11:56 | Build | House |
| 11:58 | Queue | Villager (Male) |
| 12:09 | Queue | Skirmisher |
| 12:12 | Queue | Villager (Male) |
| 12:14 | Build | Farm |
| 12:28 | Queue | Skirmisher |
| 12:40 | Queue | Skirmisher |
| 12:49 | Queue | Villager (Male) |
| 12:54 | Queue | Skirmisher |
| 13:04 | Queue | Villager (Male) |
| 13:10 | Build | Mining Camp |
| 13:21 | Build | Farm |
| 13:23 | Build | Farm |
| 13:26 | Queue | Skirmisher |
| 13:33 | Queue | Villager (Male) |
| 13:51 | Build | Watch Tower |
| 13:55 | Build | Lumber Camp |
| 14:04 | Queue | Skirmisher |
| 14:07 | Queue | Villager (Male) |
| 14:10 | Queue | Villager (Male) |
| 14:32 | Build | Palisade Wall |
| 14:43 | Build | House |
| 14:59 | Queue | Villager (Male) |
| 15:17 | Build | Farm |
| 15:20 | Build | Farm |
| 15:22 | Build | Farm |
| 15:22 | Queue | Villager (Male) |
| 15:28 | Build | House |
| 15:41 | Queue | Skirmisher |
| 15:43 | Queue | Scout Cavalry |
| 15:43 | Queue | Scout Cavalry |
| 15:44 | Queue | Villager (Male) |
| 15:50 | Build | Farm |
| 15:51 | Build | House |
| 15:54 | Build | House |
| 15:55 | Build | House |
| 16:00 | Build | House |
| 16:08 | Queue | Skirmisher |
| 16:12 | Queue | Skirmisher |
| 16:21 | Build | Palisade Wall |
| 17:02 | Queue | Villager (Male) |
| 17:04 | Build | Farm |
| 17:17 | Queue | Villager (Male) |
| 17:25 | Build | House |
| 17:27 | Build | House |
| 17:31 | Build | House |
| 17:41 | Build | Farm |
| 17:42 | Queue | Villager (Male) |
| 17:46 | Build | Farm |
| 17:48 | Queue | Scout Cavalry |
| 18:13 | Queue | Skirmisher |
| 18:13 | Queue | Skirmisher |
| 18:33 | Queue | Skirmisher |
| 18:33 | Queue | Skirmisher |
| 18:34 | Queue | Villager (Male) |
| 18:35 | Queue | Villager (Male) |
| 19:05 | Build | Lumber Camp |
| 19:09 | Build | Farm |
| 19:11 | Build | Farm |
| 19:12 | Build | Farm |
| 19:25 | Build | Blacksmith |
| 19:35 | Queue | Villager (Male) |
| 19:52 | Build | Farm |
| 19:54 | Build | Farm |
| 19:54 | Queue | Villager (Male) |
| 20:09 | Build | Farm |
| 20:14 | Build | Watch Tower |
| 20:15 | Build | Mining Camp |
| 20:21 | Research | Town Watch |
| 20:44 | Build | House |
| 20:47 | Build | House |
| 20:57 | Queue | Villager (Male) |
| 20:59 | Build | Farm |
| 21:14 | Queue | Villager (Male) |
| 21:27 | Queue | Skirmisher |
| 21:27 | Queue | Skirmisher |
| 21:32 | Build | House |
| 21:34 | Build | House |
| 21:35 | Build | House |
| 21:45 | Queue | Villager (Male) |
| 21:46 | Build | Lumber Camp |
| 22:03 | Build | Farm |
| 22:07 | Build | House |
| 22:10 | Queue | Villager (Male) |
| 22:19 | Queue | Skirmisher |
| 22:22 | Build | Farm |
| 22:25 | Research | Castle Age |
| 22:38 | Queue | Skirmisher |
| 22:50 | Research | Fletching |
| 22:53 | Research | Horse Collar |
| 23:10 | Queue | Skirmisher |
| 23:26 | Queue | Skirmisher |
| 23:28 | Research | Gold Mining |
| 23:41 | Queue | Villager (Male) |
| 23:47 | Queue | Skirmisher |
| 24:09 | Queue | Skirmisher |
| 24:40 | Queue | Skirmisher |
| 25:17 | Age | Castle Age |
| 25:23 | Build | Monastery |
Match timeline
| 4:14 | DaddySt4rk · wall_segment Palisade Wall x1 |
| 4:16 | DaddySt4rk · wall_segment Palisade Wall x1 |
| 7:33 | DaddySt4rk · first_building Barracks |
| 8:33 | DaddySt4rk · age_up feudal |
| 8:36 | Tacacá · first_building Barracks |
| 8:37 | DaddySt4rk · first_building Stable |
| 9:16 | Tacacá · age_up feudal |
| 9:17 | Tacacá · first_building Archery Range |
| 9:58 | Tacacá · wall_segment Palisade Wall x2 |
| 10:00 | Tacacá · wall_segment Palisade Wall x2 |
| 10:03 | Tacacá · wall_segment Palisade Wall x2 |
| 10:07 | Tacacá · wall_segment Palisade Wall x2 |
| 10:17 | DaddySt4rk · wall_segment Palisade Wall x2 |
| 10:19 | DaddySt4rk · wall_segment Palisade Wall x8 |
| 10:26 | DaddySt4rk · wall_segment Palisade Wall x1 |
| 10:31 | DaddySt4rk · first_building Archery Range |
| 10:38 | Tacacá · wall_segment Palisade Wall x1 |
| 10:39 | Tacacá · wall_segment Palisade Wall x1 |
| 10:41 | Tacacá · wall_segment Palisade Wall x1 |
| 10:42 | Tacacá · wall_segment Palisade Wall x1 |
| 11:21 | DaddySt4rk · wall_segment Palisade Wall x8 |
| 11:24 | DaddySt4rk · wall_segment Palisade Wall x5 |
| 11:25 | DaddySt4rk · wall_segment Palisade Wall x1 |
| 11:28 | DaddySt4rk · wall_segment Palisade Wall x1 |
| 12:47 | Tacacá · wall_segment Palisade Wall x1 |
| 12:47 | Tacacá · wall_segment Palisade Wall x1 |
| 13:08 | Tacacá · wall_segment Palisade Wall x1 |
| 13:11 | Tacacá · wall_segment Palisade Wall x1 |
| 13:12 | Tacacá · wall_segment Palisade Wall x1 |
| 13:16 | Tacacá · wall_segment Palisade Wall x1 |
| 14:32 | DaddySt4rk · wall_segment Palisade Wall x1 |
| 16:21 | DaddySt4rk · wall_segment Palisade Wall x1 |
| 16:28 | Tacacá · wall_segment Palisade Wall x1 |
| 16:28 | Tacacá · wall_segment Palisade Wall x1 |
| 16:30 | Tacacá · wall_segment Palisade Wall x1 |
| 16:31 | Tacacá · wall_segment Palisade Wall x1 |
| 20:40 | Tacacá · first_market_buy 100 food |
| 21:17 | Tacacá · wall_segment Palisade Wall x5 |
| 21:31 | Tacacá · wall_segment Palisade Wall x1 |
| 21:31 | Tacacá · wall_segment Palisade Wall x1 |
| 21:32 | Tacacá · wall_segment Palisade Wall x1 |
| 21:33 | Tacacá · wall_segment Palisade Wall x1 |
| 24:25 | Tacacá · wall_segment Palisade Wall x1 |
| 24:37 | Tacacá · age_up castle |
| 24:45 | Tacacá · first_building Castle |
| 25:17 | DaddySt4rk · age_up castle |
| 25:23 | DaddySt4rk · first_building Monastery |
| 25:26 | Tacacá · first_building Monastery |
| 31:14 | Tacacá · first_building Siege Workshop |
| 33:38 | DaddySt4rk · first_building Castle |
| 34:10 | Tacacá · first_building Stable |
| 34:33 | Tacacá · age_up imperial |
| 35:30 | DaddySt4rk · age_up imperial |
| 38:17 | DaddySt4rk · first_building Siege Workshop |
| 40:04 | DaddySt4rk · wall_segment Stone Wall x1 |
| 40:05 | DaddySt4rk · wall_segment Stone Wall x1 |
| 43:15 | Tacacá · first_market_sell 500 wood |
| 44:15 | DaddySt4rk · wall_segment Stone Wall x1 |
| 46:54 | DaddySt4rk · wall_segment Stone Wall x13 |
| 48:40 | DaddySt4rk · wall_segment Stone Wall x10 |
| 50:59 | Tacacá · wall_segment Palisade Wall x1 |
| 51:19 | Tacacá · wall_segment Palisade Wall x1 |
| 54:09 | DaddySt4rk · resign |
[ AI ANALYSIS · 1 CREDIT ]
What really happened in this match?
Wolo.gg analyzes every decision: build order, eco, micro, common mistakes by bracket. Personalized analysis on WhatsApp or Discord in 30 seconds.
Civ guide
Byzantines
Perfil
Jugador #18917671